cohdb
Replays
Latest Replays
All Replays
Popular Replays
Top Player Replays
Match Explorer
How It Works
Community
CoH3 Stats
Reddit
Sign in to upload your games and track your stats! →
Sign in with Steam
Match 43607509
Unlisted
Match 43607509
Overview
Messages
Build Orders
End
Pioneer Squad
Construct Infanterie Kompanie
Selects Mechanized Battlegroup
Grenadier Squad
MG 42 Machine Gun Team
Grenadier Squad
Grenadier Squad
Infanterie Officer Quarters
Construct Luftwaffe Kompanie
Selects Mobile Repair Stations
Selects Stoßtruppen Assault Package
Support Elements
Jäger Squad
Wirbelwind Flakpanzer
Selects Mechanized Assault
Marder III M Tank Destroyer
Marder III M Tank Destroyer
Side Skirts
Mechanized Assault
Wirbelwind Flakpanzer
Symbiosis
deceiv3r
marcmorn
Bego
0
0
Comments
sign in to comment!
No comments posted yet!